General information
- name: BNet
- type: Ladder team game (AT/RT)
- host: Battle.net
- saver: TRASH-TALK.
map: LastManStanding
- players: 8
- length: 36:53
- speed: Fast
- version: 1.26 W3XP
- replay type: Public
» download(289 KB)
Players
team 1 (winner)

»
DAGRENTHESLAYER (
pink | 84 APM | 3104 actions | 36:52)
9 Goblin Alchemist
3 Acid Bomb
2 Healing Spray
1 Transmute
3 Chemical Rage
» actions
| Assign group hotkey | 39 | |
| Build / train | 143 | |
| ESC pressed | 1 | |
| Enter build submenu | 63 | |
| Enter hero's abilities submenu | 9 | |
| Give item / drop item | 3 | |
| Remove unit from queue | 2 | |
| Right click | 1317 | |
| Select / deselect | 611 | |
| Select group hotkey | 741 | |
| Use ability | 175 | |
3104 total
» units
| Peasant | 15 | |
| Rifleman | 9 | |
| Centaur Outrunner | 1 | |
| Knight | 14 | |
| Gryphon Rider | 7 | |
| Dragonhawk Rider | 5 | |
51 total
» upgrades
| Gunpowder | 2 | |
| Armor | 3 | |
| Long Rifles | 1 | |
| Lumber Harvesting | 2 | |
| Masonry | 3 | |
| Storm Hammers | 1 | |
| Animal War Training | 1 | |
| Swords | 3 | |
| Plating | 1 | |
| Magic Sentry | 1 | |
| Cloud | 1 | |
19 total
» buildings
| Farm | 12 | |
| Altar of Kings | 1 | |
| Blacksmith | 1 | |
| Barracks | 2 | |
| Scout Tower | 35 | |
| Lumber Mill | 1 | |
| Arcane Vault | 3 | |
| Arcane Tower | 2 | |
| Guard Tower | 25 | |
| Keep | 1 | |
| Town Hall | 4 | |
| Castle | 1 | |
| Gryphon Aviary | 3 | |
| Arcane Sanctum | 1 | |
92 total
» build order
00:46 Farm
01:05 Altar of Kings
01:43 Farm
02:15 Blacksmith
02:17 Barracks
02:23 Barracks
02:31 Farm
03:07 Farm
03:12 Scout Tower
03:17 Lumber Mill
03:35 Arcane Vault
03:42 Arcane Tower
03:47 Scout Tower
03:56 Farm
05:50 Guard Tower
05:59 Arcane Vault
06:31 Keep
06:33 Farm
06:46 Farm
08:27 Town Hall
08:33 Scout Tower
08:35 Scout Tower
08:44 Scout Tower
08:46 Scout Tower
08:49 Scout Tower
08:50 Scout Tower
09:28 Guard Tower
09:57 Guard Tower
10:02 Castle
10:46 Guard Tower
11:23 Guard Tower
11:28 Farm
12:05 Gryphon Aviary
12:07 Gryphon Aviary
12:08 Gryphon Aviary
13:30 Farm
13:40 Scout Tower
13:43 Scout Tower
13:44 Scout Tower
13:45 Scout Tower
13:45 Scout Tower
14:22 Farm
14:30 Guard Tower
14:33 Guard Tower
15:09 Guard Tower
16:00 Guard Tower
16:03 Scout Tower
18:48 Guard Tower
18:50 Arcane Sanctum
21:30 Town Hall
21:33 Scout Tower
21:33 Scout Tower
21:34 Scout Tower
21:34 Scout Tower
21:35 Scout Tower
26:29 Town Hall
26:42 Scout Tower
26:43 Scout Tower
26:44 Scout Tower
26:45 Scout Tower
26:46 Scout Tower
27:09 Guard Tower
27:12 Guard Tower
27:12 Guard Tower
27:12 Guard Tower
27:25 Guard Tower
27:34 Guard Tower
27:34 Guard Tower
29:06 Town Hall
29:07 Guard Tower
29:15 Scout Tower
29:45 Guard Tower
29:48 Scout Tower
30:26 Guard Tower
30:40 Scout Tower
30:42 Scout Tower
30:44 Scout Tower
31:16 Guard Tower
32:54 Scout Tower
32:58 Guard Tower
33:24 Scout Tower
33:25 Scout Tower
33:25 Scout Tower
33:40 Farm
33:42 Farm
33:48 Arcane Vault
33:50 Scout Tower
33:52 Scout Tower
34:14 Arcane Tower
34:24 Guard Tower
» items
| Scroll of Regeneration | 6 | |
| Lesser Clarity Potion | 7 | |
| Scroll of Town Portal | 5 | |
| Potion of Healing | 6 | |
| Orb of Fire | 1 | |
| Staff of Sanctuary | 1 | |
26 total
Hogie_Mogie (
yellow | 62 APM | 2282 actions | 36:52)
8 Paladin
3 Holy Light
3 Devotion Aura
1 Resurrection
1 Divine Shield
6 Mountain King
3 Storm Bolt
2 Bash
1 Avatar
» actions
| Assign group hotkey | 239 | |
| Basic commands | 19 | |
| Build / train | 78 | |
| Enter build submenu | 15 | |
| Enter hero's abilities submenu | 14 | |
| Give item / drop item | 4 | |
| Remove unit from queue | 1 | |
| Right click | 627 | |
| Select / deselect | 217 | |
| Select group hotkey | 949 | |
| Use ability | 118 | |
2282 total
» units
| Peasant | 12 | |
| Footman | 4 | |
| Gryphon Rider | 12 | |
28 total
» upgrades
| Defend | 1 | |
| Lumber Harvesting | 2 | |
| Storm Hammers | 1 | |
| Armor | 3 | |
| Swords | 3 | |
| Masonry | 3 | |
| Animal War Training | 1 | |
14 total
» buildings
| Farm | 9 | |
| Altar of Kings | 1 | |
| Barracks | 1 | |
| Lumber Mill | 1 | |
| Keep | 1 | |
| Arcane Vault | 1 | |
| Blacksmith | 2 | |
| Scout Tower | 4 | |
| Castle | 1 | |
| Gryphon Aviary | 2 | |
| Guard Tower | 1 | |
| Town Hall | 2 | |
26 total
» build order
00:25 Farm
00:25 Farm
00:54 Altar of Kings
01:10 Barracks
02:14 Lumber Mill
02:23 Farm
02:25 Farm
02:50 Keep
03:50 Arcane Vault
03:53 Blacksmith
03:55 Scout Tower
03:56 Scout Tower
03:59 Scout Tower
04:00 Scout Tower
05:00 Blacksmith
05:11 Castle
06:04 Gryphon Aviary
06:05 Gryphon Aviary
06:19 Farm
06:20 Farm
06:21 Farm
06:22 Farm
08:45 Guard Tower
10:45 Farm
26:30 Town Hall
26:59 Town Hall
» items
| Scroll of Town Portal | 4 | |
| Scroll of Regeneration | 6 | |
| Staff of Sanctuary | 1 | |
| Lesser Clarity Potion | 4 | |
| Orb of Fire | 1 | |
16 total

»
TRASH-TALK. (
red | 81 APM | 2975 actions | 36:53)
9 Goblin Alchemist
3 Healing Spray
3 Chemical Rage
1 Transmute
2 Acid Bomb
» actions
| Assign group hotkey | 130 | |
| Basic commands | 12 | |
| Build / train | 77 | |
| Enter build submenu | 15 | |
| Enter hero's abilities submenu | 9 | |
| Give item / drop item | 1 | |
| Remove unit from queue | 4 | |
| Right click | 1423 | |
| Select / deselect | 306 | |
| Select group hotkey | 902 | |
| Use ability | 96 | |
2975 total
» units
| Acolyte | 3 | |
| Ghoul | 2 | |
| Gargoyle | 35 | |
| Goblin Zeppelin | 2 | |
| Bronze Dragon | 1 | |
43 total
» upgrades
| Creature Attack | 3 | |
| Creature Carapace | 2 | |
| Stone Form | 1 | |
6 total
» buildings
| Graveyard | 1 | |
| Crypt | 3 | |
| Necropolis | 1 | |
| Halls of the Dead | 1 | |
| Altar of Darkness | 1 | |
| Ziggurat | 3 | |
| Spirit Tower | 3 | |
| Black Citadel | 2 | |
| Sacrificial Pit | 1 | |
| Tomb of Relics | 1 | |
17 total
» build order
00:09 Graveyard
00:16 Crypt
00:49 Necropolis
01:41 Halls of the Dead
02:10 Altar of Darkness
02:32 Crypt
02:42 Ziggurat
03:31 Ziggurat
05:21 Ziggurat
09:41 Spirit Tower
09:42 Spirit Tower
10:50 Black Citadel
10:51 Black Citadel
11:25 Sacrificial Pit
11:27 Spirit Tower
14:58 Tomb of Relics
25:18 Crypt
» items
| Scroll of Town Portal | 3 | |
| Potion of Healing | 2 | |
5 total

»
Ral (
orange | 41 APM | 1516 actions | 36:52)
5 Far Seer
3 Feral Spirit
2 Far Sight
6 Shadow Hunter
3 Healing Wave
2 Hex
1 Big Bad Voodoo
3 Blademaster
1 Wind Walk
2 Critical Strike
» actions
| Assign group hotkey | 29 | |
| Basic commands | 175 | |
| Build / train | 123 | |
| Enter build submenu | 21 | |
| Enter hero's abilities submenu | 14 | |
| Right click | 349 | |
| Select / deselect | 463 | |
| Select group hotkey | 205 | |
| Use ability | 137 | |
1516 total
» units
| Peon | 14 | |
| Troll Headhunter/Berserker | 36 | |
| Troll Witch Doctor | 21 | |
| Troll Batrider | 15 | |
| Wind Rider | 4 | |
90 total
» upgrades
| Ranged Weapons | 3 | |
| Armor | 3 | |
| Spiked Barricades | 1 | |
| Troll Regeneration | 1 | |
| Witch Doctor Training | 2 | |
| Berserker Upgrade | 1 | |
| Reinforced Defenses | 1 | |
| Envenomed Spears | 1 | |
13 total
» buildings
| Altar of Storms | 1 | |
| Orc Burrow | 7 | |
| War Mill | 1 | |
| Barracks | 1 | |
| Voodoo Lounge | 1 | |
| Stronghold | 1 | |
| Spirit Lodge | 1 | |
| Fortress | 1 | |
| Watch Tower | 3 | |
| Great Hall | 1 | |
| Beastiary | 2 | |
20 total
» build order
00:08 Altar of Storms
00:12 Orc Burrow
00:53 War Mill
01:14 Orc Burrow
01:46 Barracks
02:38 Orc Burrow
02:57 Voodoo Lounge
04:24 Orc Burrow
04:54 Stronghold
07:17 Orc Burrow
07:31 Spirit Lodge
07:40 Fortress
08:42 Watch Tower
08:46 Watch Tower
09:57 Watch Tower
12:11 Great Hall
19:07 Beastiary
25:14 Beastiary
25:31 Orc Burrow
27:14 Orc Burrow
» items
team 2 (loser)
boomstick420 (
teal | 31 APM | 1093 actions | 35:32)
6 Blademaster
2 Wind Walk
3 Critical Strike
1 Bladestorm
6 Shadow Hunter
3 Healing Wave
2 Hex
1 Big Bad Voodoo
5 Tauren Chieftain
3 Endurance Aura
2 War Stomp
» actions
| Assign group hotkey | 23 | |
| Build / train | 96 | |
| Enter build submenu | 15 | |
| Enter hero's abilities submenu | 17 | |
| Right click | 341 | |
| Select / deselect | 263 | |
| Select group hotkey | 249 | |
| Use ability | 89 | |
1093 total
» units
» upgrades
| Armor | 3 | |
| Ranged Weapons | 3 | |
| Envenomed Spears | 1 | |
7 total
» buildings
| War Mill | 1 | |
| Orc Burrow | 6 | |
| Stronghold | 1 | |
| Altar of Storms | 1 | |
| Voodoo Lounge | 1 | |
| Fortress | 1 | |
| Beastiary | 2 | |
| Great Hall | 3 | |
16 total
» build order
00:30 War Mill
00:40 Orc Burrow
02:01 Stronghold
02:13 Altar of Storms
02:46 Voodoo Lounge
03:04 Orc Burrow
04:22 Fortress
04:31 Beastiary
04:35 Beastiary
06:50 Orc Burrow
07:49 Great Hall
08:44 Orc Burrow
11:20 Orc Burrow
16:29 Orc Burrow
21:28 Great Hall
33:17 Great Hall
» items
| Healing Salve | 3 | |
| Orb of Lightning | 3 | |
| Scroll of Speed | 3 | |
| Potion of Healing | 4 | |
| Scroll of Town Portal | 4 | |
| Lesser Clarity Potion | 3 | |
20 total
dhck (
purple | 123 APM | 4519 actions | 36:51)
5 Priestess of the Moon
2 Scout
3 Trueshot Aura
5 Pandaren Brewmaster
2 Drunken Haze
3 Breath of Fire
» actions
| Assign group hotkey | 85 | |
| Basic commands | 161 | |
| Build / train | 162 | |
| ESC pressed | 18 | |
| Enter build submenu | 37 | |
| Enter hero's abilities submenu | 10 | |
| Give item / drop item | 4 | |
| Right click | 1755 | |
| Select / deselect | 736 | |
| Select group hotkey | 1291 | |
| Use ability | 260 | |
4519 total
» units
| Wisp | 50 | |
| Druid of the Claw | 16 | |
| Bronze Dragon | 24 | |
| Archer | 5 | |
| Dryad | 6 | |
101 total
» upgrades
| Improved Bows | 1 | |
| Druid of the Claw Training | 2 | |
| Marksmanship | 1 | |
| Mark of the Claw | 1 | |
| Nature's Blessing | 1 | |
| Abolish Magic | 1 | |
7 total
» buildings
| Altar of Elders | 2 | |
| Moon Well | 8 | |
| Ancient of War | 4 | |
| Tree of Life | 1 | |
| Tree of Ages | 3 | |
| Hunter's Hall | 1 | |
| Ancient of Wonders | 2 | |
| Ancient Protector | 11 | |
| Tree of Eternity | 3 | |
| Ancient of Lore | 4 | |
39 total
» build order
00:03 Altar of Elders
00:11 Altar of Elders
00:20 Moon Well
01:08 Ancient of War
01:41 Moon Well
03:28 Tree of Life
04:29 Tree of Ages
04:29 Tree of Ages
04:29 Tree of Ages
04:42 Ancient of War
05:01 Hunter's Hall
05:09 Moon Well
06:17 Ancient of Wonders
06:32 Ancient of Wonders
06:42 Ancient Protector
06:53 Tree of Eternity
06:54 Tree of Eternity
07:26 Ancient of War
07:33 Ancient of Lore
07:35 Ancient of Lore
07:39 Ancient of Lore
08:18 Ancient of Lore
09:41 Moon Well
09:42 Moon Well
09:44 Moon Well
09:47 Moon Well
11:03 Moon Well
11:14 Ancient Protector
11:15 Ancient Protector
11:17 Ancient Protector
11:44 Ancient Protector
11:45 Ancient Protector
16:01 Ancient Protector
16:02 Ancient Protector
16:04 Ancient Protector
16:47 Ancient Protector
22:38 Ancient of War
26:48 Ancient Protector
» items
| Staff of Preservation | 4 | |
| Potion of Healing | 6 | |
| Orb of Venom | 1 | |
| Anti-magic Potion | 5 | |
| Scroll of Town Portal | 4 | |
| Lesser Clarity Potion | 1 | |
21 total

»
MooseLord (
green | 71 APM | 2557 actions | 35:54)
6 Demon Hunter
3 Evasion
2 Mana Burn
1 Metamorphosis
5 Priestess of the Moon
3 Trueshot Aura
1 Scout
1 Searing Arrows
» actions
| Assign group hotkey | 10 | |
| Basic commands | 1 | |
| Build / train | 88 | |
| ESC pressed | 1 | |
| Enter build submenu | 21 | |
| Enter hero's abilities submenu | 11 | |
| Right click | 1811 | |
| Select / deselect | 517 | |
| Select group hotkey | 5 | |
| Use ability | 92 | |
2557 total
» units
| Wisp | 21 | |
| Archer | 9 | |
| Dryad | 12 | |
| Mountain Giant | 2 | |
| Goblin Zeppelin | 1 | |
| Hippogryph | 9 | |
54 total
» upgrades
| Strength of the Moon | 1 | |
| Strength of the Wild | 3 | |
| Reinforced Hides | 3 | |
| Hardened Skin | 1 | |
| Resistant Skin | 1 | |
| Well Spring | 1 | |
| Ultravision | 1 | |
| Abolish Magic | 1 | |
12 total
» buildings
| Altar of Elders | 1 | |
| Moon Well | 6 | |
| Ancient of War | 1 | |
| Hunter's Hall | 1 | |
| Ancient of Wonders | 2 | |
| Tree of Ages | 2 | |
| Tree of Eternity | 1 | |
| Ancient of Lore | 2 | |
| Ancient Protector | 1 | |
| Ancient of Wind | 2 | |
| Tree of Life | 1 | |
20 total
» build order
00:22 Altar of Elders
00:33 Moon Well
01:04 Ancient of War
02:17 Moon Well
02:30 Hunter's Hall
03:05 Ancient of Wonders
03:25 Moon Well
04:41 Tree of Ages
04:41 Tree of Ages
04:47 Moon Well
07:41 Moon Well
07:51 Tree of Eternity
08:25 Moon Well
08:40 Ancient of Lore
08:44 Ancient of Lore
08:50 Ancient of Wonders
09:07 Ancient Protector
18:30 Ancient of Wind
19:18 Ancient of Wind
25:13 Tree of Life
» items
PARK-LiFE-666 (
blue | 21 APM | 735 actions | 35:47)
4 Blademaster
1 Wind Walk
2 Critical Strike
1 Mirror Image
» actions
| Assign group hotkey | 17 | |
| Build / train | 69 | |
| Enter build submenu | 17 | |
| Enter hero's abilities submenu | 4 | |
| Right click | 270 | |
| Select / deselect | 254 | |
| Select group hotkey | 28 | |
| Use ability | 76 | |
735 total
» units
| Peon | 7 | |
| Grunt | 4 | |
| Troll Headhunter/Berserker | 1 | |
| Raider | 10 | |
| Tauren | 7 | |
| Shaman | 3 | |
| Troll Batrider | 12 | |
44 total
» upgrades
| Melee Weapons | 3 | |
| Spiked Barricades | 1 | |
| Ensnare | 1 | |
| Shaman Training | 2 | |
| Pulverize | 1 | |
| Armor | 1 | |
| Ranged Weapons | 2 | |
11 total
» buildings
| Altar of Storms | 1 | |
| Orc Burrow | 8 | |
| War Mill | 1 | |
| Barracks | 1 | |
| Stronghold | 3 | |
| Spirit Lodge | 1 | |
| Beastiary | 1 | |
| Fortress | 1 | |
| Tauren Totem | 2 | |
| Voodoo Lounge | 1 | |
20 total
» build order
00:25 Altar of Storms
00:52 Orc Burrow
01:13 War Mill
01:23 Barracks
01:58 Orc Burrow
02:48 Orc Burrow
03:50 Stronghold
03:51 Stronghold
03:51 Stronghold
06:15 Spirit Lodge
06:22 Beastiary
06:27 Fortress
08:07 Orc Burrow
08:13 Orc Burrow
09:12 Tauren Totem
09:26 Orc Burrow
11:16 Tauren Totem
11:32 Orc Burrow
12:28 Voodoo Lounge
24:57 Orc Burrow
» items
| Orb of Lightning | 1 | |
| Healing Salve | 1 | |
| Scroll of Town Portal | 1 | |
| Scroll of Speed | 1 | |
4 total
Chat log
(00:12 / Allies) DAGRENTHESLAYER: hi
(00:26 / Allies) DAGRENTHESLAYER: hi
(00:29 / Allies) TRASH-TALK.: sup
(00:39 / Allies) DAGRENTHESLAYER: alchemist rifles.
(01:13 / Allies) TRASH-TALK.: im fast gargs gonna creep dragon and then the bot middle dragon creeps to lvl 5
(01:21 / Allies) DAGRENTHESLAYER: lol nice idea
(01:31 / Allies) TRASH-TALK.: 100 wood if possible from yel or oj
(01:38 / Allies) Hogie_Mogie: dun have
(02:29 / Allies) Hogie_Mogie: air
(04:17 / Allies) TRASH-TALK.: make a shop neaer here yellow when u can
(04:28 / Allies) Hogie_Mogie: no i alrdy have shop on base
(04:35 / Allies) DAGRENTHESLAYER: lol where u want it red
(04:40 / Allies) DAGRENTHESLAYER: ping it
(04:46 / Allies) TRASH-TALK.: on the creeps, it was a trick
(04:47 / Allies) TRASH-TALK.: to test
(04:49 / Allies) DAGRENTHESLAYER: where
(04:49 / Allies) TRASH-TALK.: yellow's competence
(04:50 / Allies) DAGRENTHESLAYER: was
(05:02 / Allies) DAGRENTHESLAYER: k i will
(07:23 / Allies) Hogie_Mogie: someone take the expo
(07:25 / Allies) TRASH-TALK.: who wants mask of death
(07:31 / Allies) DAGRENTHESLAYER: i will yellow
(08:29 / Allies) Ral: watch bats
(08:47 / Allies) TRASH-TALK.: whoever can answer this question gets my mask of death item: Who is the main character on the tv show, the walking deads
(08:55 / Allies) DAGRENTHESLAYER: rick
(08:58 / Allies) TRASH-TALK.: yes
(08:59 / All) Hogie_Mogie: Shane
(09:07 / Allies) DAGRENTHESLAYER: red
(09:10 / Allies) TRASH-TALK.: shane was a fool
(09:10 / Allies) DAGRENTHESLAYER: add me as friend
(09:13 / Allies) DAGRENTHESLAYER: i want to ask you
(09:16 / Allies) DAGRENTHESLAYER: some things
(10:16 / Allies) DAGRENTHESLAYER: red we creep middle?
(10:18 / Allies) Ral: where
(10:21 / Allies) TRASH-TALK.: already did lol
(10:56 / Allies) DAGRENTHESLAYER: where was the fucken dragon
(11:01 / Allies) Ral: killed
(11:03 / Allies) TRASH-TALK.: my 6 gargs kille dit lolz
(11:44 / All) TRASH-TALK.: MOOSE LORD!!
(13:51 / Allies) DAGRENTHESLAYER: b oj
(13:54 / All) Hogie_Mogie: out
(13:58 / All) TRASH-TALK.: u guys are such faggots
(14:00 / All) MooseLord: no kidding
(14:02 / All) MooseLord: you guys lost
(14:12 / Allies) DAGRENTHESLAYER: ill make mele grpyhons
(14:44 / Allies) DAGRENTHESLAYER: tower it
(15:15 / Allies) DAGRENTHESLAYER: who got
(15:15 / All) MooseLord: stop that
(15:26 / Allies) DAGRENTHESLAYER: noobo
(15:30 / Allies) DAGRENTHESLAYER: dont play if u got shit pc bro
(15:37 / Allies) TRASH-TALK.: gold
(17:05 / Allies) DAGRENTHESLAYER: gogog
(19:48 / Allies) DAGRENTHESLAYER: hes droping out
(20:10 / Allies) TRASH-TALK.: b is ay
(20:30 / Allies) TRASH-TALK.: not here i sya
(21:05 / Allies) Hogie_Mogie: b
(21:30 / Allies) TRASH-TALK.: idiots i said dont fight there
(21:51 / Allies) DAGRENTHESLAYER: wlld me
(21:52 / Allies) DAGRENTHESLAYER: wood
(22:17 / Allies) Ral: cancel
(22:40 / Allies) TRASH-TALK.: no no g b
(22:45 / Allies) DAGRENTHESLAYER: b
(23:39 / Allies) DAGRENTHESLAYER: b
(23:40 / Allies) DAGRENTHESLAYER: b
(26:22 / Allies) DAGRENTHESLAYER: more bats
(26:36 / Allies) DAGRENTHESLAYER: LOL
(27:21 / Allies) TRASH-TALK.: blue alone
(27:40 / Allies) DAGRENTHESLAYER: GO
(28:34 / Allies) TRASH-TALK.: oj fucked us
(28:40 / Allies) Ral: fuck
(28:40 / Allies) TRASH-TALK.: kill teals expo
(28:41 / Allies) TRASH-TALK.: ignore purple
(28:47 / Allies) Ral: i was getting raped
(28:57 / Allies) TRASH-TALK.: come oj
(28:59 / Allies) Hogie_Mogie: ...right
(29:21 / Allies) DAGRENTHESLAYER: YELLOW HEAL ME
(29:33 / Allies) DAGRENTHESLAYER: fucken orange
(29:43 / Allies) TRASH-TALK.: OJ
(29:45 / Allies) TRASH-TALK.: COME TO us
(30:23 / Allies) Hogie_Mogie: stop feeding
(30:36 / Allies) TRASH-TALK.: burrows
(30:52 / Allies) Hogie_Mogie: give me 50 gold
(30:59 / Allies) Hogie_Mogie: ty
(31:01 / Allies) Ral: behind
(31:04 / Allies) TRASH-TALK.: BEHIND
(31:17 / Allies) TRASH-TALK.: STAY
(31:18 / Allies) TRASH-TALK.: at blue
(31:39 / Allies) TRASH-TALK.: they out of gold
(31:40 / Allies) TRASH-TALK.: have to be
(32:04 / Allies) DAGRENTHESLAYER: yellow heal me
(32:09 / Allies) Hogie_Mogie: no mana
(32:27 / Allies) Ral: run
(32:38 / Allies) TRASH-TALK.: out
(32:40 / Allies) Hogie_Mogie: b
(32:40 / Allies) TRASH-TALK.: we have to counter quick
(32:57 / Allies) TRASH-TALK.: close god damn game
(33:01 / Allies) TRASH-TALK.: we need to kill htose dragons
(33:13 / Allies) Hogie_Mogie: i am out of gold
(33:23 / Allies) TRASH-TALK.: u can thurt the dragons anyways
(33:43 / Allies) TRASH-TALK.: figh ta tpinks towers
(33:46 / Allies) Hogie_Mogie: we r ahead 4v3
(33:52 / Allies) TRASH-TALK.: we cant let the mexpo
(33:55 / Allies) Ral: how many bats for a dragon?
(34:01 / Allies) TRASH-TALK.: like 7
(34:02 / Allies) TRASH-TALK.: too many
(34:04 / Allies) TRASH-TALK.: just
(34:07 / Allies) Hogie_Mogie: 6
(34:26 / Allies) Hogie_Mogie: oj throw a stunt ward near towers
(34:39 / Allies) TRASH-TALK.: we could focus heros?
(34:45 / Allies) TRASH-TALK.: dragons are hard to kill
(34:55 / Allies) Hogie_Mogie: ignore dragon get smaller units
(35:02 / Allies) TRASH-TALK.: ready?
(35:07 / Allies) TRASH-TALK.: lets alchy mute
(35:08 / Allies) DAGRENTHESLAYER: k all ready
(35:33 / Allies) DAGRENTHESLAYER: sh
(35:38 / Allies) TRASH-TALK.: LOL
(35:38 / Allies) DAGRENTHESLAYER: lol
(35:39 / All) TRASH-TALK.: WTF
(35:41 / All) Hogie_Mogie: wtf u guys doing
(35:42 / Allies) DAGRENTHESLAYER: idiots
(35:45 / All) Hogie_Mogie: thanks for feeding
(35:45 / Allies) Ral: lol
(35:50 / All) TRASH-TALK.: say hi wcr
(35:50 / All) MooseLord: its over
(35:59 / All) TRASH-TALK.: peru #1
(36:03 / Allies) DAGRENTHESLAYER: LOL
(36:04 / Allies) DAGRENTHESLAYER: RED
(36:21 / Allies) TRASH-TALK.: panda
(36:29 / Allies) DAGRENTHESLAYER: WAHT PANDA?
(36:30 / Allies) DAGRENTHESLAYER: LOL